 Dungeon Crawl Stone Soup version 0.21-a0-442-g848f44b (webtiles) character file.

33666 4thArraOfDagon the Severer (level 13, -1/107 HPs)
             Began as a Minotaur Abyssal Knight on Nov 16, 2017.
             Was an Elder of Lugonu.
             Slain by an ogre
             ... wielding a +0 giant club
              (19 damage)
             ... on level 1 of the Orcish Mines.
             The game lasted 00:45:53 (9671 turns).

4thArraOfDagon the Severer (MiAK)                   Turns: 9671, Time: 00:45:54

Health: -1/107     AC:  8    Str: 20    XL:     13   Next: 38%
Magic:  13/19      EV: 13    Int: 13    God:    Lugonu [****..]
Gold:   1394       SH:  0    Dex: 12    Spells: 12/12 levels left

rFire    . . .     SeeInvis .   K - +3 battleaxe
rCold    + . .     Gourm    .   (shield currently unavailable)
rNeg     . . .     Faith    +   M - +0 troll leather armour
rPois    +         Spirit   .   (helmet restricted)
rElec    .         Reflect  .   v - -2 cloak "Umeam" {rC+ Dex+4} (curse)
rCorr    .         Harm     .   (no gloves)
MR       .....     Rnd*Rage +   S - +0 pair of boots
Stlth    +++.......             p - amulet of faith
HPRegen  0.67/turn              q - +2 ring of evasion
MPRegen  0.16/turn              (no ring)

@: no status effects
A: retaliatory headbutt, beak, horns 2, molten scales 1, thin skeletal structure
1, camouflage 1, berserk 1, blurry vision 1, clumsy 2, poison resistance, strong
1
a: Depart the Abyss, Bend Space, Banish, Corrupt, Renounce Religion


You were on level 1 of the Orcish Mines.
You worshipped Lugonu.
Lugonu was greatly pleased with you.
You were very hungry.

You visited 2 branches of the dungeon, and saw 17 of its levels.
You visited the Abyss 1 time.

You collected 1394 gold pieces.

Inventory:

Hand Weapons
 a - a +1 hand axe
 s - a +1 hand axe of freezing
 t - a +1 hand axe of freezing
 x - the cursed +0 dagger of Goplut {pierce, Int+3 Stlth+, unknown}
   (You found it on level 4 of the Dungeon)

   It inflicts extra damage upon your enemies.
   It affects your intelligence (+3).
   It makes you more stealthy.
   It has a curse placed upon it.
 D - the cursed +2 short sword "Kafanits" {flame, rElec MR- Int-4 SInv, unknown}
   (You found it on level 6 of the Dungeon)

   It has been specially enchanted to burn those struck by it, causing extra
   injury to most foes and up to half again as much damage against particularly
   susceptible opponents.
   It affects your intelligence (-4).
   It insulates you from electricity.
   It affects your resistance to hostile enchantments.
   It lets you see invisible.
   It has a curse placed upon it.
 K - a +3 battleaxe (weapon)
 L - a +0 hand axe of electrocution
Missiles
 k - 10 curare-tipped needles
 z - a throwing net (quivered)
Armour
 b - a +0 leather armour
 g - a +0 plate armour
 v - the cursed -2 cloak "Umeam" (worn) {rC+ Dex+4}
   (You found it on level 4 of the Dungeon)

   It affects your dexterity (+4).
   It protects you from cold.
   It has a curse placed upon it.
 M - a +0 troll leather armour (worn)
 S - a +0 pair of boots (worn)
Magical Staves
 A - an uncursed staff of poison {unknown}
Jewellery
 p - an amulet of faith (around neck)
 q - a +2 ring of evasion (left hand)
Wands
 h - a wand of iceblast (0/15)
 O - a wand of disintegration (9/24)
 Q - a wand of paralysis (13/24)
Scrolls
 i - 3 scrolls of random uselessness {unknown}
 j - 4 scrolls of fog {unknown}
 l - 2 scrolls of recharging {unknown}
 m - a scroll of noise {unknown}
 u - 6 scrolls of remove curse
 y - 7 scrolls of enchant armour
 G - a scroll of amnesia {unknown}
 I - a scroll of magic mapping {unknown}
 N - a scroll of fear
 P - a scroll of blinking {unknown}
 R - a scroll of enchant weapon
Potions
 d - a potion of lignification
 e - 4 potions of brilliance
 f - a potion of heal wounds
 n - a potion of ambrosia
 o - 5 potions of might
 w - 4 potions of haste
 B - 2 potions of resistance
 C - a potion of cancellation
 E - 3 potions of agility
 F - 2 potions of curing
 H - 3 potions of flight
 J - a potion of magic
Comestibles
 c - 10 bread rations
 r - 6 meat rations


   Skills:
 - Level 8.2 Fighting
 * Level 20.4 Axes
 - Level 8.4 Armour
 - Level 1.1 Dodging
 - Level 10.3 Invocations


You had 12 spell levels left.
You didn't know any spells.

Dungeon Overview and Level Annotations

Branches:
Dungeon (15/15)            Temple (0/1) D:4            Lair (0/6) D:11
    Orc (2/2) D:11         Vaults (0/5) D:13
    Elf: Orc:2       Depths: D:15

Altars:
Ashenzari
Cheibriados
Elyvilon
Okawaru
Trog
Uskayaw
Xom

Shops:
D:9 }(

Annotations:
D:2 Sigmund
D:12 1 runed door, corrupted
D:14 Agnes; Frances; Kirke; feelmyfire's ghost, adept DEFE
Orc:2 corrupted
Abyss:1 Urug


Innate Abilities, Weirdness & Mutations

You reflexively headbutt those who attack you in melee.
You have a pair of horns on your head.
You have a beak for a mouth.
You are partially covered in molten scales. (AC +2)
You have a somewhat thin skeletal structure. (Dex +2, Stealth)
Your skin changes colour to match your surroundings (Stealth+).
You tend to lose your temper in combat.
Scrolls take you a little longer to read.
You are very clumsy. (Dex -4)
Your system is resistant to poisons. (rPois)
Your muscles are strong. (Str +2)


Message History

Your +0 pair of boots unmelds from your body.
Your +0 troll leather armour unmelds from your body.
The orc priest hits you with a mace.
* * * LOW HITPOINT WARNING * * *
Unknown command.
The orc priest looks satisfied for a moment.
Items here: $ )) [ † a hand axe x2; a chain mail; 7 gold pieces; an orc corpse Unknown command.
Unknown command.
Unknown command.
Unknown command.
Unknown command.
Unknown command.
Press: ? - help, Shift-Dir - straight line, f - orc knight
Aim: an orc knight, wielding a bardiche and wearing a chain mail (chance to defeat MR: 74%)
The orc knight is devoured by a tear in reality.
Lugonu claims a new guest.
You feel somewhat more hungry. The ogre hits you with a giant club!!
You die...

................#
#................
##..............# #
#...#..........#
#.###..#...>....#...#
..........§........##
.........†§§....#.##
#......)o§......#
##....@#))).#.....#
#......O........$.#
#............#.....#
.#................##
............##.....
...#.........###..
.............#
...#..........
.........##.##


You could see an ogre and an orc priest.

Vanquished Creatures
  Josephine (Orc:2)
  A centaur warrior (D:15)
  An ogre mage (D:13)
  6 two-headed ogres
  2 unseen horrors
  An orc knight (D:11)
  An orc sorcerer (Orc:1)
  4 ugly things (D:14)
  Joseph (D:7)
  A black mamba (shapeshifter) (D:15)
  4 centaur skeletons
  2 kobold demonologists (D:13)
  2 tengu conjurers (D:15)
  A meliai (shapeshifter) (D:14)
  4 trolls
  3 hippogriffs
  A shadow (D:12)
  A wyvern (D:13)
  5 wraiths
  18 yaks
  A hungry ghost (D:8)
  2 hogs (D:14)
  A human (D:6)
  8 vampire mosquitoes
  A steam dragon (D:11)
  3 wargs
  15 orc warriors
  6 sky beasts
  A black bear (D:11)
  A phantom (D:10)
  An eye of draining (D:11)
  An ice beast (D:10)
  18 centaurs
  20 ogres
  A wolf (D:12)
  3 big kobolds
  8 bullfrogs
  4 scorpions
  The ghost of 4thArraOfDagon the Skirmisher, a weakling MiAK of Lugonu (D:3)
  4 killer bees (D:11)
  An electric eel (D:11)
  2 howler monkeys
  5 crimson imps
  A bullfrog zombie (D:10)
  21 orc priests
  2 bullfrog skeletons
  3 jellies
  13 hounds
  18 orc wizards
  Ijyb (D:3)
  Natasha (thrice) (D:3)
  6 iguanas
  8 worker ants
  A killer bee zombie (D:7)
  A worker ant zombie (D:7)
  7 gnolls
  11 adders
  2 shadow imps
  2 oozes
  An adder skeleton (D:3)
  3 worms
  4 dart slugs
  8 leopard geckos
  96 orcs
  A ball python (D:2)
  9 giant cockroaches
  5 hobgoblins
  17 kobolds
  3 quokkas
  7 bats
  2 frilled lizards
  7 goblins
  A leopard gecko skeleton (D:7)
  A quokka skeleton (D:7)
  7 rats
440 creatures vanquished.

Vanquished Creatures (others)
  The ghost of zero the Severer, a journeyman GrBe of Trog (D:12)
  3 hydras
  The ghost of vineage the Fencer, a journeyman MiFi of Cheibriados (Orc:2)
  A centaur warrior (D:13)
  6 two-headed ogres
  An unseen horror (D:12)
  An orc knight (Orc:1)
  2 cyclopes (Orc:2)
  2 orc sorcerers (Orc:2)
  2 gargoyles
  A tengu conjurer (D:13)
  2 polar bears (D:13)
  A meliai zombie (D:12)
  A vampire (D:13)
  7 orc warriors
  An ice beast (D:5)
  11 ogres
  2 orc priests (Orc:2)
  2 orc wizards
  An adder (D:12)
  8 orcs
  10 starspawn tentacles
67 creatures vanquished.

Grand Total: 507 creatures vanquished

Notes
Turn   | Place    | Note
-------+----------+-------------------------------------------
     0 | Abyss:1  | 4thArraOfDagon the Minotaur Abyssal Knight began the quest for the Orb.
     0 | Abyss:1  | Reached XP level 1. HP: 19/19 MP: 1/1
    82 | Abyss:2  | Noticed a wretched star
    88 | Abyss:2  | Noticed a bone dragon
   101 | D:1      | Escaped the Abyss
   113 | D:1      | Reached * piety under Lugonu
   157 | D:1      | Reached XP level 2. HP: 27/27 MP: 2/2
   242 | D:1      | Reached skill level 3 in Axes
   283 | D:1      | Found a shattered altar of Ashenzari.
   567 | D:2      | Reached XP level 3. HP: 33/33 MP: 3/3
   698 | D:2      | Reached ** piety under Lugonu
   741 | D:2      | Noticed Natasha
   785 | D:2      | Noticed Sigmund
   788 | D:3      | Noticed 4thArraOfDagon's ghost (weakling MiAK)
   888 | D:2      | Found a snail-covered altar of Cheibriados.
  1146 | D:3      | Killed Natasha
  1146 | D:3      | Reached XP level 4. HP: 40/40 MP: 4/4
  1191 | D:3      | Reached skill level 4 in Axes
  1376 | D:3      | Noticed Natasha
  1381 | D:3      | Killed Natasha
  1442 | D:3      | Reached XP level 5. HP: 46/47 MP: 4/6
  1452 | D:3      | Gained mutation: You are partially covered in thin metallic scales. (AC +2) [potion of mutation]
  1452 | D:3      | Gained mutation: You are robust. (+10% HP) [potion of mutation]
  1452 | D:3      | Gained mutation: You have an increased reservoir of magic. (+10% MP) [potion of mutation]
  1470 | D:3      | Killed 4thArraOfDagon's ghost
  1472 | D:3      | Thaneod: nice
  1525 | D:3      | Noticed Ijyb
  1555 | D:3      | Killed Ijyb
  1555 | D:3      | Reached skill level 5 in Axes
  1644 | D:3      | Reached XP level 6. HP: 55/60 MP: 8/8
  1688 | D:3      | Noticed Natasha
  1694 | D:3      | Killed Natasha
  1694 | D:3      | Reached skill level 5 in Fighting
  1844 | D:4      | Reached skill level 6 in Axes
  1854 | D:4      | Reached XP level 7. HP: 60/67 MP: 9/9
  1865 | D:4      | Reached *** piety under Lugonu
  1916 | D:4      | Found a staircase to the Ecumenical Temple.
  1918 | D:4      | Got a fine cloak
  1924 | D:4      | Identified the cursed -2 cloak "Umeam" {rC+ Dex+4} (You found it on level 4 of the Dungeon)
  2065 | D:4      | Got an ivory dagger
  2126 | D:5      | Entered Level 5 of the Dungeon
  2145 | D:4      | Reached skill level 5 in Armour
  2165 | D:5      | Found an iron altar of Okawaru.
  2188 | D:5      | Reached skill level 7 in Axes
  2289 | D:5      | Reached XP level 8. HP: 50/77 MP: 7/11
  2595 | D:6      | Found a white marble altar of Elyvilon.
  2625 | D:5      | Reached skill level 8 in Axes
  2666 | D:6      | Thaneod: !lg Nebukadnezar
  2666 | D:6      | beem: 184. Nebukadnezar the Bringer of Light (L27 HOBe of The Shining One), escaped with the Orb and 15 runes on 2017-11-16 07:44:26, with 19824217 points after 77291 turns and 18:24:46.
  2666 | D:6      | Thaneod: !lg beem
  2666 | D:6      | beem: 8. beem the Caller (L1 DESu), slain by a gnoll on D:1 on 2016-05-06 21:50:49, with 0 points after 45 turns and 0:00:17.
  2666 | D:6      | 4thArraOfDagon: sec
  2666 | D:6      | Thaneod: k
  2666 | D:6      | Thaneod: dinner?
  2714 | D:6      | 4thArraOfDagon: ate already :)
  2794 | D:6      | Got a pitted short sword
  2915 | D:7      | Noticed Joseph
  2938 | D:7      | Killed Joseph
  2938 | D:7      | Reached skill level 5 in Invocations
  3003 | D:6      | Reached skill level 9 in Axes
  3116 | D:7      | Reached XP level 9. HP: 39/86 MP: 13/13
  3201 | D:7      | Reached **** piety under Lugonu
  3372 | D:7      | Lost mutation: You are robust. (+10% HP) [mutagenic meat]
  3554 | D:7      | Reached skill level 10 in Axes
  3557 | D:7      | Gained mutation: Your muscles are strong. (Str +2) [mutagenic meat]
  3558 | D:7      | Gained mutation: You are clumsy. (Dex -2) [mutagenic meat]
  3559 | D:7      | Gained mutation: You are very clumsy. (Dex -4) [mutagenic meat]
  3560 | D:7      | Gained mutation: You are partially covered in molten scales. (AC +2) [mutagenic meat]
  3561 | D:7      | Gained mutation: You have a beak for a mouth. [mutagenic meat]
  4024 | D:9      | Reached ***** piety under Lugonu
  4094 | D:9      | Reached skill level 11 in Axes
  4131 | D:9      | Reached XP level 10. HP: 88/88 MP: 15/15
  4190 | D:9      | Found Siulimec's Antique Weapon Boutique.
  4310 | D:9      | Found Ceusmas's Gadget Shoppe.
  4511 | D:10     | Entered Level 10 of the Dungeon
  4536 | D:10     | Reached skill level 12 in Axes
  4575 | D:10     | Noticed a six-headed hydra
  4577 | D:10     | Banished a six-headed hydra
  4711 | D:10     | Reached skill level 13 in Axes
  4760 | D:10     | Noticed a gargoyle
  4764 | D:10     | Banished a gargoyle
  4977 | D:11     | Noticed a two-headed ogre
  5003 | D:11     | Noticed a seven-headed hydra
  5219 | D:11     | Noticed a four-headed hydra
  5259 | D:11     | Banished a four-headed hydra
  5259 | D:11     | Reached XP level 11. HP: 68/94 MP: 4/18
  5328 | D:11     | Noticed a two-headed ogre
  5330 | D:11     | Banished a two-headed ogre
  5413 | D:11     | Reached skill level 14 in Axes
  5516 | D:11     | Gained mutation: You tend to lose your temper in combat. [mutagenic meat]
  5520 | D:11     | Thaneod: berserk!
  5555 | D:11     | Banished a seven-headed hydra
  5713 | D:11     | Found a shimmering altar of Xom.
  5800 | D:12     | Found a runed door.
  5983 | D:12     | Noticed zero's ghost (journeyman GrBe)
  5983 | D:12     | Corrupted D:12
  5983 | D:12     | Noticed a green death
  5983 | D:12     | Noticed a starcursed mass
  5983 | D:12     | Noticed a tentacled starspawn
  5983 | D:12     | Noticed a thrashing horror
  5983 | D:12     | Noticed a thrashing horror
  5983 | D:12     | Noticed a cacodemon
  5983 | D:12     | Noticed a thrashing horror
  5984 | D:12     | Noticed a rakshasa
  5984 | D:12     | Noticed a tentacled starspawn
  5984 | D:12     | Noticed a thrashing horror
  5985 | D:12     | Noticed a tentacled starspawn
  5985 | D:12     | Noticed a thrashing horror
  5987 | D:12     | Noticed a starcursed mass
  5988 | D:12     | Killed an unseen horror
  5989 | D:12     | Noticed a tentacled starspawn
  5992 | D:12     | Killed zero's ghost
  5993 | D:12     | Noticed a mana viper
  6111 | D:12     | Reached skill level 15 in Axes
  6141 | D:12     | Found a hide-covered altar of Uskayaw.
  6461 | D:13     | Reached skill level 10 in Invocations
  6595 | D:13     | Found a bloodstained altar of Trog.
  6628 | D:13     | Noticed Urug
  6629 | D:13     | Banished Urug
  6643 | D:13     | Killed an unseen horror
  6691 | D:13     | Reached skill level 16 in Axes
  6820 | D:13     | Noticed a centaur warrior
  6822 | D:13     | Banished a centaur warrior
  6822 | D:13     | Reached XP level 12. HP: 81/102 MP: 15/20
  6889 | D:13     | Noticed a two-headed ogre
  6893 | D:13     | Noticed a two-headed ogre
  6907 | D:13     | Killed a two-headed ogre
  6909 | D:13     | Banished a two-headed ogre
  6920 | D:13     | Noticed an ogre mage
  6930 | D:13     | Killed an ogre mage
  6956 | D:13     | Found a gate to the Vaults.
  7021 | D:14     | Noticed a two-headed ogre
  7023 | D:14     | Banished a two-headed ogre
  7035 | D:14     | Reached skill level 17 in Axes
  7037 | D:14     | Noticed a two-headed ogre
  7041 | D:14     | Banished a two-headed ogre
  7077 | D:14     | Lost mutation: You are partially covered in thin metallic scales. (AC +2) [mutagenic meat]
  7087 | D:14     | Gained mutation: You have a somewhat thin skeletal structure. (Dex +2, Stealth) [mutagenic meat]
  7090 | D:14     | Lost mutation: You have an increased reservoir of magic. (+10% MP) [mutagenic meat]
  7093 | D:14     | Gained mutation: Scrolls take you a little longer to read. [mutagenic meat]
  7094 | D:14     | Gained mutation: Your system is resistant to poisons. (rPois) [mutagenic meat]
  7095 | D:14     | Gained mutation: Your skin changes colour to match your surroundings (Stealth+). [mutagenic meat]
  7096 | D:14     | Noticed feelmyfire's ghost (adept DEFE)
  7099 | D:15     | Entered Level 15 of the Dungeon
  7203 | D:15     | Noticed a six-headed hydra
  7204 | D:15     | Banished a six-headed hydra
  7259 | D:15     | Reached skill level 18 in Axes
  7373 | D:15     | Noticed a centaur warrior
  7392 | D:15     | Killed a centaur warrior
  7477 | D:15     | Noticed a fire dragon
  7540 | D:14     | Noticed Frances
  7643 | D:14     | Noticed Agnes
  7680 | D:14     | Noticed a death knight
  7687 | D:14     | Noticed Kirke
  7917 | D:11     | Found a staircase to the Lair.
  7932 | D:11     | Killed a two-headed ogre
  7932 | D:11     | Reached skill level 19 in Axes
  8679 | D:11     | Found a staircase to the Orcish Mines.
  8682 | D:11     | pathetic
  8683 | Orc:1    | Entered Level 1 of the Orcish Mines
  8731 | Orc:1    | Noticed a two-headed ogre
  8825 | Orc:1    | Banished a two-headed ogre
  8825 | Orc:1    | Reached XP level 13. HP: 65/107 MP: 14/19
  9035 | Orc:2    | Entered Level 2 of the Orcish Mines
  9059 | Orc:2    | Noticed Josephine
  9072 | Orc:2    | Killed Josephine
  9221 | Orc:2    | Noticed vineage's ghost (journeyman MiFi)
  9223 | Orc:2    | Corrupted Orc:2
  9223 | Orc:2    | Noticed a reaper
  9223 | Orc:2    | Noticed a starcursed mass
  9223 | Orc:2    | Noticed a white draconian
  9223 | Orc:2    | Noticed a starcursed mass
  9224 | Orc:2    | Noticed a tentacled starspawn
  9244 | Orc:2    | Killed vineage's ghost
  9342 | Orc:2    | Found a bloodstained altar of Trog.
  9427 | Orc:2    | Reached skill level 20 in Axes
  9624 | Orc:1    | HP: 5/107 [orc/hand axe (3)]
  9671 | Orc:1    | Slain by an ogre

Vault maps used:
D:1:      dpeg_arrival_boxes_within_box, ashenzari_altar_1
D:2:      kennysheep_slug_shrine, first_bread, uniq_sigmund, uniq_natasha
D:3:      uniq_ijyb
D:4:      temple_hall
D:5:      okawaru_gym_becter, serial_co_window_serial,
          co_window_of_opportunity_a, co_window_paths_a, co_window_paths_a,
          co_window_of_opportunity_a, co_window_paths_b,
          co_window_unsneaky_path_e, co_window_broadway_b, co_window_paths_c,
          co_window_paths_c, glass_columns_c, glass_columns_c, glass_columns_a
D:6:      kennysheep_mini
D:7:      grunt_livestock, uniq_joseph
D:8:      nicolae_ru_sacrificial_ziggurat
D:9:      serial_shops, shop, shop
D:10:     nooodl_food_tri
D:11:     erik_lair_island, orc_0_dummy, serial_park_tiny_pond, minivault_1,
          tgw_xom
D:12:     lemuel_insect_pit, basic_altar
D:13:     david_vaults_2, trog_ov_bears_minmay, uniq_urug
D:14:     hangedman_decor_diamond_cutter, uniq_kirke, uniq_frances, uniq_agnes
D:15:     grunt_enter_depths_hoard, glass_columns_c
Orc:2:    st_orc_ogre_mass, basic_altar, uniq_josephine
Abyss:1:  guppyfry_abyss_exit_glass_guarded
Abyss:2:  minivault_4, hangedman_abyss_batty_box

Skill      XL: |  1  2  3  4  5  6  7  8  9 10 11 12 13 |
---------------+----------------------------------------+-----
Invocations    | 2 3 4 5 6 8 10 | 10.3
Axes           | 3 4 5 6 7 9 11 13 16 19 20 | 20.4
Fighting       | 4 5 6 7 8 |  8.2
Armour         | 3 4 5 6 8 |  8.4
Dodging        | |  1.1

Action                   |  1- 3 |  4- 6 |  7- 9 | 10-12 | 13-15 || total
-------------------------+-------+-------+-------+-------+-------++-------
Melee: Hand axe          |    98 |   184 |   404 |   653 |       ||  1339
       Headbutt          |     7 |    16 |    67 |    96 |    21 ||   207
       Peck              |       |       |    21 |   120 |    24 ||   165
       Battleaxe         |       |       |       |       |   141 ||   141
Throw: Throwing net      |       |       |     1 |       |       ||     1
Invok: Depart the Abyss  |     1 |       |       |       |       ||     1
       Banish            |       |       |     4 |    37 |     4 ||    45
       Corrupt           |       |       |       |     1 |     1 ||     2
       Bend Space        |       |       |       |     1 |       ||     1
Evoke: Wand              |       |     1 |     5 |     1 |       ||     7
  Use: Potion            |       |     7 |     2 |     3 |     2 ||    14
       Scroll            |       |     4 |     4 |    11 |       ||    19
 Stab: Distracted        |       |       |       |     1 |       ||     1
  Eat: Chunk             |     1 |     2 |     8 |    13 |     2 ||    26
       Royal jelly       |       |       |     5 |     6 |       ||    11
       Fruit             |       |       |     4 |     1 |       ||     5
       Meat ration       |       |       |       |     2 |       ||     2
       Bread ration      |       |       |       |     1 |       ||     1
Armor: Leather armour    |    12 |       |       |       |       ||    12
       Plate armour      |    48 |    73 |   183 |   329 |     9 ||   642
       Skin              |       |    48 |    11 |    15 |    13 ||    87
       Troll leather arm |       |       |       |     6 |    19 ||    25
Dodge: Dodged            |    45 |    42 |   119 |   219 |    56 ||   481

Table legend:
 A = Spawn XP
 B = Non-spawn XP
 C = Spawn XP percentage of total XP
 D = Spawn monster count
 E = Non-spawn monster count
 F = Spawn count percentage of total count
 G = Total turns spent on level
                    A         B        C        D         E        F      G
               +---------+---------+-------+---------+---------+-------+---------
         Total |      66 |   48029 |   0.1 |       1 |     463 |   0.2 |  9671
               +---------+---------+-------+---------+---------+-------+---------
           D:1 |       0 |      37 |   0.0 |       0 |      18 |   0.0 |   444
           D:2 |       0 |      30 |   0.0 |       0 |      16 |   0.0 |   467
           D:3 |      66 |     337 |  16.4 |       1 |      30 |   3.2 |   704
           D:4 |       0 |     626 |   0.0 |       0 |      20 |   0.0 |   430
           D:5 |       0 |     679 |   0.0 |       0 |      22 |   0.0 |   425
           D:6 |       0 |     354 |   0.0 |       0 |      10 |   0.0 |   366
           D:7 |       0 |    1630 |   0.0 |       0 |      26 |   0.0 |   645
           D:8 |       0 |     805 |   0.0 |       0 |      24 |   0.0 |   365
           D:9 |       0 |    2663 |   0.0 |       0 |      53 |   0.0 |   789
          D:10 |       0 |    3004 |   0.0 |       0 |      23 |   0.0 |   954
          D:11 |       0 |    6191 |   0.0 |       0 |      48 |   0.0 |  1040
          D:12 |       0 |    3061 |   0.0 |       0 |      34 |   0.0 |   591
          D:13 |       0 |    7899 |   0.0 |       0 |      40 |   0.0 |   822
          D:14 |       0 |    5529 |   0.0 |       0 |      14 |   0.0 |   284
          D:15 |       0 |    4296 |   0.0 |       0 |      14 |   0.0 |   418
         Orc:1 |       0 |    3050 |   0.0 |       0 |      37 |   0.0 |   334
         Orc:2 |       0 |    7838 |   0.0 |       0 |      34 |   0.0 |   492
               +---------+---------+-------+---------+---------+-------+---------
